Map: 宿怨战场-天梯版

Players

MeomaikA - Winner!

  • Race: Zerg Zerg
  • League: Bronze

Maru

  • Race: Terran Terran
  • League: Gold

Event: WESG 2018 Grand Finals

VOD

Have the link to the VOD?

Description

Time

  • Played on: March 11, 2019, 6:40 a.m.
  • Length: 20:40

All games in this series

Show
View Real Time Build Order
Export as new Build Order

MeomaikA Zerg - Winner!

Build Orders: Pool First 

Get SALT Encoding   

  12  0:00  Drone  
  13  0:08  Drone  
  14  0:17  Overlord  
  14  0:28  Drone, Extractor  
  14  0:35  Drone x2  
  17  0:47  Spawning Pool  
  16  0:51  Drone  
  17  1:09  Drone  
  18  1:17  Hatchery  
  17  1:20  Drone  
  17  1:23  Extractor  
  17  1:35  Roach Warren  
  17  1:36  Zergling x2  
  17  1:39  Drone  
  18  1:44  Drone  
  19  1:58  Overlord  
  19  2:02  Extractor  
  18  2:15  Roach x2  
  22  2:16  Queen  
  22  2:21  Roach  
  26  2:24  Extractor  
  26  2:32  Drone x2  
  28  2:40  Queen  
  28  2:43  Drone  
  32  2:59  Drone  
  32  3:01  Zergling x2  
  32  3:04  Zergling x2  
  35  3:09  Metabolic Boost  
  35  3:12  Zergling x2, Drone x2  
  36  3:19  Overlord  
  36  3:24  Overlord  
  36  3:32  Overlord  
  36  3:37  Zergling x2  
  36  3:38  Zergling x2  
  36  3:39  Zergling x4  
  40  3:44  Zergling x2  
  41  3:48  Zergling x2  
  41  3:49  Zergling x2  
  41  3:55  Ravager x2  
  45  3:57  Zergling x4  
  45  3:58  Zergling x2  
  48  4:08  Zergling x4  
  50  4:15  Zergling x2  
  50  4:16  Ravager  
  52  4:18  Zergling x2  
  52  4:20  Zergling x2  
  52  4:21  Zergling x4  
  52  4:23  Zergling x2  
  57  4:34  Zergling x2  
  57  4:36  Zergling x4  
  57  4:37  Zergling x2  
  57  4:38  Zergling x2  
  54  4:43  Zergling x2  
  51  4:48  Zergling x2  
  51  4:52  Zergling x2  
  53  4:57  Zergling x2  
  53  4:58  Zergling x2  
  53  4:59  Zergling x4  
  56  5:00  Zergling x2  
  56  5:01  Zergling x2  
  56  5:02  Zergling x2  
  56  5:04  Zergling x2  
  55  5:12  Zergling x2  
  55  5:14  Zergling x2  
  51  5:22  Zergling x2  
  50  5:30  Zergling x2  
  50  5:34  Drone x2  
  47  5:35  Drone x2  
  47  5:36  Drone  
  47  5:37  Drone  
  47  5:41  Drone  
  48  5:43  Drone  
  48  5:47  Drone  
  49  5:50  Lair  
  49  5:55  Drone  
  47  5:57  Drone  
  47  5:59  Drone  
  48  6:04  Drone x2  
  48  6:05  Extractor  
  48  6:06  Extractor  
  48  6:08  Drone  
  48  6:09  Drone x2  
  48  6:10  Drone x2  
  50  6:12  Drone  
  51  6:23  Drone x2  
  51  6:31  Zergling x2  
  51  6:34  Zergling x2, Hatchery  
  51  6:39  Zergling x2  
  52  6:40  Overlord x2  
  52  6:42  Overlord  
  52  6:44  Zergling x2  
  51  6:49  Hydralisk Den  
  51  6:52  Hydralisk Den  
  49  6:56  Spore Crawler  
  49  6:59  Spore Crawler, Zergling x2  
  49  7:00  Drone  
  49  7:04  Drone x2  
  49  7:06  Zergling x2  
  52  7:08  Zergling x2  
  52  7:10  Zergling x2  
  52  7:11  Drone  
  52  7:13  Zergling x2  
  56  7:18  Grooved Spines  
  56  7:21  Muscular Augments  
  56  7:24  Drone x2  
  56  7:26  Drone  
  56  7:27  Drone  
  58  7:32  Overlord, Drone  
  58  7:35  Drone  
  61  7:37  Drone  
  61  7:40  Overseer  
  61  7:44  Hydralisk  
  61  7:48  Spore Crawler  
  61  7:49  Hydralisk  
  64  7:53  Hydralisk  
  64  7:56  Hydralisk  
  67  7:59  Hydralisk  
  67  8:01  Hydralisk  
  71  8:06  Hydralisk  
  71  8:08  Hydralisk  
  71  8:11  Hydralisk  
  77  8:14  Hydralisk  
  77  8:18  Hydralisk  
  81  8:26  Hydralisk x2  
  82  8:27  Hydralisk x2  
  82  8:32  Zergling x4  
  82  8:33  Zergling x4  
  89  8:35  Zergling x2  
  89  8:41  Overlord  
  90  8:43  Overseer  
  90  8:50  Infestation Pit  
  89  9:00  Queen  
  89  9:02  Hydralisk  
  88  9:03  Hydralisk  
  88  9:04  Hydralisk  
  88  9:10  Hydralisk  
  82  9:17  Drone x9  
  82  9:22  Hydralisk  
  90  9:31  Extractor  
  90  9:32  Overlord x2, Overseer  
  90  9:33  Extractor  
  88  9:39  Hatchery  
  87  9:48  Overlord  
  87  9:52  Drone x9  
  96  9:59  Zergling x2  
  97  10:00  Zergling x2  
  97  10:03  Overlord  
  98  10:11  Overseer  
  98  10:12  Hydralisk  
  98  10:13  Hydralisk x2  
  104  10:14  Zergling x4  
  106  10:21  Evolution Chamber  
  106  10:22  Evolution Chamber  
  106  10:25  Hydralisk  
  106  10:28  Hydralisk x2  
  104  10:29  Hydralisk x2  
  104  10:31  Zergling x2  
  104  10:35  Hydralisk  
  113  10:37  Hydralisk  
  103  10:44  Zergling x4  
  103  10:49  Hydralisk x3  
  111  10:50  Zergling x2  
  111  10:51  Queen  
  111  10:52  Zergling x2  
  111  10:54  Zergling x2  
  111  10:55  Zergling x2  
  111  10:56  Extractor  
  116  10:58  Zerg Missile Weapons Level 1  
  116  11:02  Overlord  
  116  11:06  Extractor  
  111  11:16  Overlord x2  
  111  11:22  Drone  
  111  11:23  Drone x7  
  119  11:26  Hive  
  119  11:29  Overlord x2  
  119  11:31  Overlord  
  119  11:42  Zergling x2  
  119  11:44  Zergling x2  
  119  11:45  Zergling x4  
  123  11:48  Hatchery  
  123  11:50  Zerg Ground Armor Level 1  
  123  11:51  Zergling x2  
  123  11:53  Overseer  
  123  11:54  Zergling x2  
  123  12:02  Zergling x12  
  123  12:04  Hydralisk  
  123  12:06  Hydralisk  
  123  12:08  Overseer  
  128  12:16  Hydralisk x2  
  128  12:17  Hydralisk  
  128  12:18  Hydralisk x2  
  125  12:26  Overlord x2  
  125  12:38  Viper x3  
  125  12:41  Overlord  
  125  12:42  Overlord  
  134  12:46  Hydralisk x5  
  144  13:02  Zerg Missile Weapons Level 2  
  144  13:03  Hydralisk x5  
  144  13:04  Hydralisk  
  157  13:05  Zergling x2  
  157  13:08  Hydralisk  
  157  13:11  Hydralisk  
  161  13:14  Drone x3  
  161  13:15  Drone  
  161  13:16  Drone  
  161  13:18  Overlord  
  166  13:30  Overlord x2  
  166  13:37  Hydralisk  
  166  13:38  Hydralisk x3  
  166  13:39  Overlord x2  
  171  13:54  Overseer  
  171  13:55  Hydralisk  
  155  13:56  Hydralisk x8  
  155  14:00  Hydralisk  
  155  14:01  Zergling x2  
  153  14:03  Zergling x6  
  153  14:09  Hydralisk x2  
  152  14:10  Hydralisk  
  152  14:12  Hydralisk  
  153  14:17  Hydralisk  
  153  14:18  Hydralisk  
  153  14:20  Zergling x2  
  156  14:24  Hydralisk x2  
  156  14:30  Viper x2  
  163  14:36  Hydralisk x2  
  163  14:37  Hydralisk  
  169  14:49  Zergling x20  
  169  14:50  Zergling x2  
  180  14:53  Hydralisk  
  180  14:55  Hydralisk  
  180  14:57  Hydralisk  
  186  15:01  Hydralisk x2  
  190  15:08  Ultralisk Cavern  
  190  15:12  Drone x2  
  190  15:13  Drone x3  
  193  15:25  Hydralisk x5  
  193  15:27  Hydralisk  
  193  15:28  Hydralisk  
  182  15:33  Hydralisk  
  186  15:51  Hatchery  
  186  15:56  Drone x3  
  188  16:01  Hydralisk x2  
  190  16:05  Hydralisk  
  190  16:11  Hatchery  
  183  16:22  Hydralisk x2  
  183  16:24  Hydralisk  
  179  16:25  Hydralisk  
Show
View Real Time Build Order
Export as new Build Order

Maru Terran 

Build Orders: Reaper Expand 

Get SALT Encoding   

  12  0:00  SCV  
  13  0:12  SCV  
  14  0:17  Supply Depot  
  14  0:25  SCV  
  15  0:38  SCV  
  15  0:40  Barracks  
  16  0:43  Refinery  
  16  0:50  SCV  
  17  1:03  SCV  
  18  1:15  SCV  
  19  1:27  Reaper, Orbital Command  
  20  1:42  Command Center  
  20  1:53  SCV  
  21  2:04  Marine  
  21  2:07  SCV, Supply Depot  
  23  2:11  Factory  
  23  2:23  Bunker  
  23  2:29  Marine, SCV  
  25  2:35  Refinery  
  25  2:41  SCV  
  26  2:47  Marine  
  26  2:53  SCV  
  26  2:55  Factory Tech Lab, Orbital Command  
  27  3:04  Marine  
  28  3:05  SCV  
  29  3:13  Cyclone  
  29  3:17  SCV  
  29  3:18  Starport  
  33  3:21  SCV  
  33  3:22  Marine  
  35  3:28  Supply Depot  
  35  3:30  SCV  
  35  3:33  SCV  
  37  3:42  SCV  
  37  3:45  SCV  
  37  3:47  Siege Tank  
  42  3:54  SCV  
  43  3:56  Barracks  
  43  3:57  SCV  
  44  4:03  Engineering Bay  
  44  4:06  SCV  
  44  4:07  Bunker  
  45  4:10  Liberator  
  45  4:12  Bunker  
  45  4:13  SCV  
  44  4:18  Bunker, SCV  
  44  4:19  Marine  
  44  4:21  Siege Tank  
  48  4:29  SCV  
  52  4:32  Supply Depot  
  52  4:37  Marine  
  47  4:41  SCV  
  39  4:45  SCV  
  39  4:49  Marine  
  36  4:55  Marine  
  34  5:04  SCV  
  26  5:07  Marine  
  25  5:18  Marine  
  17  5:39  SCV  
  17  5:40  SCV  
  17  5:53  SCV  
  15  6:05  Starport Tech Lab  
  15  6:06  SCV  
  16  6:14  Hellion  
  18  6:20  SCV  
  19  6:36  Banshee  
  22  6:41  SCV  
  22  6:46  Factory Tech Lab  
  23  6:47  SCV  
  23  6:53  Marine  
  23  6:54  Marine, SCV  
  26  6:59  SCV  
  28  7:06  SCV  
  29  7:12  Siege Tank, SCV  
  33  7:18  SCV  
  34  7:24  SCV  
  35  7:31  SCV  
  35  7:36  SCV  
  37  7:40  Bunker  
  37  7:43  SCV  
  38  7:48  Siege Tank, SCV  
  42  7:55  SCV  
  43  8:00  SCV  
  43  8:02  Supply Depot  
  43  8:04  Viking  
  46  8:12  Supply Depot  
  46  8:23  Marine x2  
  46  8:24  SCV x2  
  46  8:36  SCV x2  
  48  8:48  SCV x2  
  50  8:49  Siege Tank  
  50  8:51  Barracks Reactor, Barracks Tech Lab  
  53  9:00  SCV x2  
  52  9:12  SCV x2  
  49  9:24  SCV x2  
  54  9:33  Supply Depot  
  54  9:35  Barracks, Marine x2  
  54  9:36  SCV x2  
  58  9:41  Viking  
  60  9:47  Siege Tank  
  60  9:48  SCV x2  
  60  9:50  Command Center  
  62  9:55  Stimpack, Marine  
  62  9:59  Bunker  
  63  10:01  Marine x2, SCV x2  
  65  10:13  SCV x2  
  63  10:14  Marine  
  63  10:19  Marine  
  64  10:25  SCV x2  
  64  10:27  Marine  
  61  10:37  SCV  
  61  10:38  SCV, Supply Depot  
  61  10:39  Marine  
  62  10:47  Supply Depot  
  62  10:51  Refinery x2  
  62  11:00  SCV x2  
  62  11:01  Supply Depot  
  61  11:07  Marine  
  62  11:12  SCV x2  
  62  11:16  Refinery  
  62  11:17  Marine x2, Refinery  
  66  11:23  Orbital Command  
  66  11:24  SCV x2  
  66  11:25  Marine  
  68  11:30  Marine  
  68  11:32  Siege Tank  
  73  11:35  Marine  
  73  11:36  SCV x2  
  76  11:42  Engineering Bay  
  76  11:43  Engineering Bay  
  76  11:48  SCV x2  
  78  11:55  Marine x2  
  78  11:58  Starport Reactor  
  78  12:00  SCV x2  
  85  12:12  SCV x2  
  84  12:16  Marine x2, SCV  
  84  12:22  Marine  
  84  12:24  Combat Shield, SCV x2  
  84  12:26  Terran Infantry Weapons Level 1, Terran Infantry Armor Level 1  
  84  12:28  Factory Tech Lab  
  84  12:29  SCV  
  88  12:30  Barracks  
  88  12:31  Barracks  
  88  12:33  Barracks Reactor, Supply Depot  
  88  12:37  Marine, SCV x2  
  89  12:41  SCV  
  89  12:42  Medivac x2  
  89  12:43  Supply Depot  
  95  12:50  Marine  
  95  12:51  Marine  
  97  12:54  Siege Tank  
  100  13:07  Marine  
  100  13:08  Marine x2  
  100  13:12  Medivac x2  
  107  13:15  Marine x2  
  107  13:16  Missile Turret  
  109  13:21  Marine x2, Missile Turret  
  109  13:25  Marine  
  109  13:26  Marine x2  
  114  13:30  Siege Tank, Supply Depot x2  
  117  13:40  Armory  
  117  13:41  Supply Depot  
  117  13:48  Marine  
  117  13:51  Marine x6  
  116  13:58  SCV x2  
  111  14:04  Medivac x2  
  111  14:06  Marine  
  111  14:09  Marine x6  
  121  14:15  Siege Tank  
  121  14:23  Marine  
  120  14:25  Supply Depot  
  120  14:26  Marine  
  120  14:27  Marine x3  
  120  14:34  Medivac x2, Supply Depot  
  124  14:39  Marine x2  
  124  14:41  Terran Infantry Weapons Level 2  
  124  14:45  Orbital Command  
  126  14:47  Marine  
  126  14:48  Marine  
  115  14:55  Marine x3  
  115  14:56  Siege Tank  
  115  14:58  Marine x2  
  123  15:05  Marine x2  
  125  15:13  Marine x3  
  128  15:15  Terran Infantry Armor Level 2  
  127  15:26  Orbital Command  
  113  15:29  SCV  
  114  15:40  Marine  
  115  15:48  Liberator  
  115  15:51  Liberator  
  115  15:52  Marine x3, Siege Tank  
  115  15:53  Marine x3  
  105  15:58  Marine  
  106  16:10  Marine x3  
  115  16:12  Marine x3  
  115  16:16  Marine  
  115  16:17  Bunker  
  116  16:24  Siege Tank  
  88  16:28  Marine  
Tags
 
Add a new tag
Caveats
  • Supply blocks, unpowered buildings, or Contaminate may cause inaccurate times.
  • Supply counts are checked every 10 seconds.